Map: Prion Terraces

Players

juhyg

  • Race: Zerg Zerg

blueant - Winner!

  • Race: Terran Terran
  • League: Bronze

VOD

Have the link to the VOD?

Description

Time

  • Played on: Feb. 4, 2016, 7:17 p.m.
  • Length: 11:14
Show
View Real Time Build Order
Export as new Build Order

juhyg Zerg 

Build Orders: Pool First 

Get SALT Encoding   

  12  0:18  Spawning Pool  
  11  0:29  Drone x2  
  11  0:35  Overlord  
  13  0:45  Extractor  
  13  0:47  Drone  
  13  0:58  Drone  
  14  1:09  Queen  
  16  1:12  Drone  
  16  1:15  Drone  
  18  1:33  Drone  
  18  1:36  Overlord  
  19  1:48  Roach Warren  
  19  1:49  Metabolic Boost  
  18  1:54  Zergling x2  
  18  1:58  Zergling x2  
  20  2:06  Zergling x2  
  21  2:20  Overlord  
  21  2:29  Roach x3  
  27  2:38  Roach  
  29  2:47  Roach  
  31  3:01  Overlord  
  31  3:03  Zergling x6  
  34  3:16  Roach  
  36  3:27  Roach  
  38  3:37  Roach x3  
  38  3:38  Roach  
  46  3:52  Overlord  
  45  4:14  Roach x2  
  45  4:15  Roach x2  
  53  4:20  Zergling x2  
  53  4:45  Overlord x2  
  49  5:06  Lair  
  49  5:18  Hatchery  
  48  5:34  Drone x2  
  48  5:35  Drone x4  
  54  5:59  Overlord x2  
  54  6:23  Extractor  
  54  6:24  Drone x3  
  54  6:25  Drone  
  57  6:40  Drone x3  
  57  6:41  Drone  
  57  6:46  Extractor  
  60  7:28  Nydus Network  
  59  7:30  Overlord x2  
  59  7:31  Roach x2  
  59  7:32  Roach x5  
  73  7:44  Drone x2  
  75  7:56  Zergling x4  
  77  8:01  Queen  
  79  8:10  Zergling x6  
  79  8:11  Zergling x4  
  84  8:14  Nydus Canal  
  84  8:23  Roach x2  
  84  8:26  Zergling x2  
  89  8:57  Spire  
  88  9:03  Extractor  
  86  10:22  Mutalisk  
  86  10:23  Mutalisk x5  
  86  10:25  Overlord x5  
  86  10:26  Overlord  
Show
View Real Time Build Order
Export as new Build Order

blueant Terran - Winner!

Build Orders:  

Get SALT Encoding   

  12  0:22  Supply Depot, SCV  
  12  0:28  Refinery  
  13  0:34  SCV  
  14  0:46  SCV  
  15  0:53  Barracks  
  15  1:11  SCV  
  16  1:12  Barracks  
  16  1:25  Barracks  
  16  1:29  SCV  
  17  1:37  Refinery  
  17  1:52  SCV  
  18  2:00  Marine  
  19  2:02  Marine  
  20  2:14  Supply Depot  
  20  2:20  Barracks Reactor  
  20  2:22  Marine  
  20  2:23  Marine  
  20  2:29  SCV  
  23  2:43  Factory  
  23  2:44  Marine  
  23  2:47  Marine  
  24  2:51  SCV  
  25  3:02  Marine x2  
  27  3:37  Factory Tech Lab  
  27  3:41  Command Center, SCV  
  28  4:02  Bunker  
  22  4:12  Siege Tank  
  24  4:34  Marine x3  
  24  4:35  Marine  
  27  4:40  Orbital Command  
  27  4:49  Factory  
  27  4:51  Siege Tank  
  27  4:52  Marine  
  31  5:05  Engineering Bay  
  31  5:14  Starport  
  31  5:21  Supply Depot  
  31  5:35  Missile Turret  
  31  5:42  Widow Mine, Hellion  
  35  5:49  Supply Depot  
  35  5:55  Liberator  
  35  6:04  Missile Turret  
  35  6:05  Hi-Sec Auto Tracking  
  38  6:21  Supply Depot  
  38  6:27  Missile Turret  
  38  6:54  Starport  
  38  6:58  Factory Reactor  
  36  7:15  Starport Tech Lab  
  36  7:30  Command Center  
  36  7:40  Cloaking Field  
  36  7:42  Banshee  
  39  7:46  Widow Mine  
  41  7:54  Widow Mine  
  43  8:02  Medivac  
  45  8:06  SCV  
  46  9:00  Missile Turret  
  46  9:18  Widow Mine  
  48  9:31  Medivac  
  50  10:11  Bunker  
  50  10:12  Bunker  
  50  10:24  Widow Mine x2, Siege Tank  
  57  10:31  Marine x4  
  61  10:41  Supply Depot x2  
  61  10:48  Marine  
  61  10:49  Marine x2  
  64  11:05  Supply Depot  
Tags
 
Add a new tag
Caveats
  • Supply blocks, unpowered buildings, or Contaminate may cause inaccurate times.
  • Supply counts are checked every 10 seconds.